 Dungeon Crawl Stone Soup version 0.31.0-11-ge490571c62 (webtiles) character file.

Game seed: 17505407473571223691

9599 Cheops the Thaumaturge (level 11, -5/65 HPs)
             Began as a Djinni Fire Elementalist on Jan 28, 2024.
             Was a Believer of the Shining One.
             Slain by an orc knight
             ... wielding a +0 halberd
              (11 damage)
             ... in a bailey on Jan 29, 2024.
             The game lasted 00:55:13 (11629 turns).

Cheops the Thaumaturge (Djinni Fire Elementalist)  Turns: 11629, Time: 00:55:14

Health: -5/65      AC: 13    Str: 10    XL:     11   Next: 77%
Gold:   333        EV: 11    Int: 23    God:    the Shining One [**....] SH:  5 Dex: 20

rFire   + + .        a - +1 dagger (venom)
rCold   x . .        (no shield)
rNeg    + . .        k - +1 ring mail "Noyjef" {rPois rCorr}
rPois   ∞            (no helmet)
rElec   +            y - +1 cloak
rCorr   +            w - +0 pair of gloves
SInv    .            (boots unavailable)
Will    +....        I - amulet "Jadesep" {Reflect Int+2 SH+5}
Stlth   +            A - +4 ring of protection
HPRegen 0.30/turn    d - ring of Pigosm {^Contam rElec rCorr Str+3 Dex+6}
MPRegen 0.00/turn

%: reflection, infuse magic (-6 HP)
@: about to teleport, flying, glowing
A: sickness immunity, fire resistance 2, cold vulnerability 1, float, innate
caster, HP casting, extra vitality 1
a: Renounce Religion, Divine Shield


You were in a bailey.
You worshipped the Shining One.
The Shining One was pleased with you.
You visited 2 branches of the dungeon, and saw 11 of its levels.
You also visited: Bailey.

You collected 1565 gold pieces.
You spent 1232 gold pieces at shops.

Inventory:

Hand Weapons
 a - a +1 dagger of venom (weapon)
 z - a +1 hand axe of electrocution
Missiles
 u - 2 throwing nets
Armour
 k - the +1 ring mail "Noyjef" (worn) {rPois rCorr}
   (You found it on level 3 of the Dungeon)

   rPois:     It protects you from poison rCorr: It protects you from acid and
   corrosion.
 s - a +0 robe
 w - a +0 pair of gloves (worn)
 y - a +1 cloak (worn)
Jewellery
 d - the ring of Pigosm (right hand) {^Contam rElec rCorr Str+3 Dex+6}
   (You acquired it on level 5 of the Dungeon)

   [ring of resist corrosion]

   Str+3:     It affects your strength (+3).
   Dex+6:     It affects your dexterity (+6).
   rElec:     It insulates you from electricity.
   ^Contam:   It causes magical contamination when unequipped.
   rCorr:     It protects you from acid and corrosion.
 A - a +4 ring of protection (left hand)
 I - the amulet "Jadesep" (around neck) {Reflect Int+2 SH+5}
   (You bought it in a shop on level 7 of the Dungeon)

   [amulet of reflection]

   Reflect:   It reflects blocked missile attacks.
   Int+2:     It affects your intelligence (+2).
   SH+5:      It affects your SH (+5).
 J - an amulet of regeneration
 K - a ring of willpower
Wands
 o - a wand of mindburst (18)
 r - a wand of charming (21)
 x - a wand of iceblast (18)
 C - a wand of flame (54)
 M - a wand of digging (5)
Scrolls
 e - 6 scrolls of teleportation
 g - a scroll of butterflies
 h - 2 scrolls of blinking
 i - 2 scrolls of poison
 l - 2 scrolls of vulnerability
 n - 3 scrolls of revelation
 p - 4 scrolls of immolation
 q - 2 scrolls of fear
 B - a scroll of enchant weapon
 D - a scroll of enchant armour
 G - a scroll of fog
Potions
 b - 4 potions of enlightenment {unknown}
 c - 8 potions of curing {unknown}
 f - 4 potions of brilliance {unknown}
 j - 3 potions of cancellation {unknown}
 m - 2 potions of might {unknown}
 t - 2 potions of haste {unknown}
 v - a potion of berserk rage
 E - 3 potions of ambrosia {unknown}
 F - a potion of attraction
 H - 2 potions of magic {unknown}


   Skills:
 - Level 2.1 Dodging
 - Level 1.5 Stealth
 + Level 14.0 Spellcasting
 + Level 14.0 Conjurations
 + Level 14.0 Hexes
 + Level 14.0 Summonings
 + Level 14.0 Necromancy
 + Level 14.0 Translocations
 + Level 14.0 Fire Magic
 + Level 14.0 Ice Magic
 + Level 14.0 Air Magic
 + Level 14.0 Earth Magic
 + Level 14.0 Alchemy
 - Level 2.0 Evocations


You knew the following spells:

 Your Spells              Type           Power      Damage    Failure   Level
a - Foxfire               Conj/Fire      100%       2x1d9     1%          1
b - Sting                 Conj/Alch      100%       1d9       1%          1
i - Inner Flame           Hex/Fire       69%        N/A       1%          3
s - Scorch                Fire           100%       2d9       1%          2
v - Volatile Blastmotes   Fire/Tloc      100%       2d18      1%          3
w - Flame Wave            Conj/Fire      69%        2d16      1%          4
B - Lesser Beckoning      Tloc           100%       N/A       1%          2
F - Cause Fear            Hex            34%        N/A       1%          4
S - Sigil of Binding      Hex            69%        N/A       1%          3
T - Tukima's Dance        Hex            69%        N/A       1%          3
Your spell library was empty.

Dungeon Overview and Level Annotations

Branches:
Dungeon (10/15)            Temple (1/1) D:4            Lair (0/5) D:10
 Bailey (1/1)
    Orc: D:9-12

Altars:
Ashenzari
Cheibriados
Dithmenos
Elyvilon
Fedhas
Hepliaklqana
Makhleb
Nemelex Xobeh
Okawaru
Qazlal
Ru
Trog
Uskayaw
Wu Jian
Xom
Yredelemnul
Zin
The Shining One

Shops:
D:6 =   D:7 (?==**

Annotations:
D:6 1 runed translucent door, LoggersVIII's ghost, novice OpEE


Innate Abilities, Weirdness & Mutations

You are immune to sickness and miasma.
You are immune to poison.
Your flesh is very heat resistant. (rF++)
You are vulnerable to cold. (rC-)
You float through the air rather than walking.
You learn spells naturally, not from books.
Your magical power is your life essence.
You have superior vitality. (+4 MHP)


Message History

There is an open door here.
Unknown command.
Unknown command.
Casting: Scorch (safe; 1% risk of failure)
Confirm with . or Enter, or press ? or * to list all spells.
Casting: Flame Wave (safe; 1% risk of failure)
Press: ? - help, Dir - look around, f - activate A wave of flame ripples out!
The flame wave engulfs the orc knight!!
The orc knight is burned terribly!
The orc knight is severely wounded. (Press . to intensify the flame waves.)
* * * LOW HITPOINT WARNING * * *
The orc knight hits you with a +0 halberd!
* * * LOW HITPOINT WARNING * * *
Unknown command.
Unknown command.
Unknown command.
Unknown command.
A wave of flame ripples out!
The flame wave engulfs the orc knight but does no damage.
The orc knight is heavily wounded.
* * * LOW HITPOINT WARNING * * *
The orc knight hits you with a +0 halberd!!
* * * LOW HITPOINT WARNING * * *
Unknown command.
Unknown command.
Unknown command.
Unknown command.
Unknown command.
Unknown command.
As you read the scroll of teleportation, it crumbles to dust.
You feel strangely unstable.
The orc knight hits you with a +0 halberd!
The Shining One protects you from harm!
Unknown command.
Unknown command.
Unknown command.
Unknown command.
The orc knight hits you from afar with a +0 halberd!
You die...

..))......##.......##............
.........##..#'#'#..##...........
.........#..##.#)##..#...........
........##.#########.##..........
........##.')#?.)#)'.##..........
........##.###.8.###.##..........
...)....##.')#.o)#)'.##..........
..).....##.####'####.##..........
........##..##∩.@##..#...........
............##'''#..##...........
............##.....##............
..≈≈.≈≈≈....##....##...≈≈≈.≈≈....
.≈≈#.##≈....#######....≈##.#≈≈...
.≈##.∩#≈...............≈#∩.##≈...
.≈#....................)....#≈...
.≈##.##≈..............)≈##.##≈...
.≈≈###≈≈..............)≈≈###≈≈...


You could see an orc knight (combustible).

Vanquished Creatures
  2 two-headed ogres (D:9)
  Maurice (D:8)
  Joseph (D:8)
  A hornet (D:7)
  Grinder (D:5)
  2 wyverns
  A wraith (D:10)
  19 yaks
  A steam dragon (D:7)
  A basilisk (D:10)
  An acid dragon (D:9)
  A water moccasin (D:10)
  10 orc warriors
  A sky beast (D:7)
  2 black bears
  An ogre (D:5)
  5 centaurs
  2 phantoms
  2 kobold brigands
  A bullfrog (D:7)
  A gnoll sergeant (D:7)
  4 wights
  2 howler monkeys (D:10)
  2 hounds
  A jelly (D:5)
  3 bombardier beetles
  10 orc priests
  Crazy Yiuf (D:7)
  A gnoll bouda (D:4)
  Ijyb (D:5)
  4 iguanas
  5 orc wizards
  8 adders
  16 gnolls
  2 shadow imps
  A white imp (D:6)
  2 ufetubi (D:5)
  6 ribbon worms
  46 orcs
  3 endoplasms
  3 giant cockroaches
  6 goblins
  7 hobgoblins
  2 jackals (D:3)
  13 kobolds
  6 quokkas
  5 ball pythons
  7 bats
  2 frilled lizards (D:3)
  4 rats
230 creatures vanquished.

Vanquished Creatures (collateral kills)
  A wyvern (D:10)
  A wight (D:10)
2 creatures vanquished.

Vanquished Creatures (others)
  645 foxfires
645 creatures vanquished.

Grand Total: 877 creatures vanquished

Notes
Turn   | Place    | Note
-------+----------+-------------------------------------------
     0 | D:1      | Cheops the Djinni Fire Elementalist began the quest for the
                  | Orb.
     0 | D:1      | Cheops set off with the following spells memorised:
                  | Foxfire, Scorch, Volatile Blastmotes, Inner Flame, Flame
                  | Wave.
     0 | D:1      | Reached XP level 1. HP: 15/15 MP: 0/0
   113 | D:1      | Found a faded altar of an unknown god.
   343 | D:1      | Reached XP level 2. HP: 20/21 MP: 0/0
   787 | D:2      | Reached XP level 3. HP: 22/25 MP: 0/0
   787 | D:2      | Learned a level 1 spell: Sting
  1494 | D:2      | Reached XP level 4. HP: 30/31 MP: 0/0
  1636 | D:3      | Identified the +1 ring mail "Noyjef" {rPois rCorr}
  1705 | D:3      | Reached XP level 5. HP: 33/35 MP: 0/0
  1705 | D:3      | Learned a level 2 spell: Lesser Beckoning
  1725 | D:3      | Reached skill level 5 in Spellcasting
  1725 | D:3      | Reached skill level 5 in Conjurations
  1725 | D:3      | Reached skill level 5 in Hexes
  1725 | D:3      | Reached skill level 5 in Summonings
  1725 | D:3      | Reached skill level 5 in Necromancy
  1725 | D:3      | Reached skill level 5 in Translocations
  1725 | D:3      | Reached skill level 5 in Fire Magic
  1725 | D:3      | Reached skill level 5 in Ice Magic
  1725 | D:3      | Reached skill level 5 in Air Magic
  1725 | D:3      | Reached skill level 5 in Earth Magic
  1725 | D:3      | Reached skill level 5 in Alchemy
  1848 | D:3      | Found a glowing golden altar of the Shining One.
  1855 | D:3      | Found an ornate altar of the Wu Jian Council.
  1860 | D:3      | Reached XP level 6. HP: 38/40 MP: 0/0
  2513 | D:3      | Found a bloodstained altar of Trog.
  2634 | D:4      | Reached skill level 1 in Evocations
  2999 | D:4      | Found a staircase to the Ecumenical Temple.
  3029 | Temple   | Entered the Ecumenical Temple
  3150 | D:4      | Reached XP level 7. HP: 38/45 MP: 0/0
  3150 | D:4      | Learned a level 3 spell: Sigil of Binding
  3272 | D:4      | Found a stormy altar of Qazlal.
  3281 | D:4      | Found a burning altar of Makhleb.
  3635 | D:5      | Entered Level 5 of the Dungeon
  3884 | D:5      | Noticed Ijyb
  3894 | D:5      | Killed Ijyb
  4161 | D:5      | Noticed Grinder
  4164 | D:5      | Reached XP level 8. HP: 34/50 MP: 0/0
  4434 | D:5      | Killed Grinder
  4526 | D:5      | Identified a scroll of acquirement
  4528 | D:5      | Acquired the ring of Pigosm {^Contam rElec rCorr Str+3
                  | Dex+6}
  4963 | D:6      | Found a runed translucent door.
  4966 | D:6      | Noticed LoggersVIII's ghost (novice OpEE)
  5040 | D:6      | Found Zorigrua's Jewellery Shoppe.
  5312 | D:6      | Reached XP level 9. HP: 48/55 MP: 0/0
  5312 | D:6      | Learned a level 3 spell: Tukima's Dance
  6637 | D:3      | Became a worshipper of the Shining One
  6881 | D:7      | Found Qothrami's Magic Scroll Shop.
  6890 | D:7      | Found Essiupics's Antique Weapon Shop.
  6890 | D:7      | Found Kaffem's Jewellery Shop.
  6890 | D:7      | Found Balol's Jewellery Shop.
  6897 | D:7      | Bought a scroll of identify for 28 gold pieces
  6897 | D:7      | Bought a scroll of identify for 28 gold pieces
  6897 | D:7      | Bought a scroll of blinking for 105 gold pieces
  6897 | D:7      | Bought a scroll of revelation for 105 gold pieces
  6935 | D:7      | Acquired 1044 gold pieces
  6982 | D:7      | Bought the amulet "Jadesep" {Reflect Int+2 SH+5} for 535
                  | gold pieces
  6998 | D:7      | Found a broken altar of Ashenzari.
  7107 | D:7      | Found a glowing silver altar of Zin.
  7111 | D:7      | Found a hide-covered altar of Uskayaw.
  7118 | D:7      | Found an iron altar of Okawaru.
  7135 | D:7      | Identified the +5 robe of Tenacity {Str+2 Dex+3}
  7346 | D:7      | Found Xitaywo's Specific Store.
  7348 | D:7      | Found Luostuzu's General Store.
  7459 | D:7      | Reached skill level 10 in Spellcasting
  7459 | D:7      | Reached skill level 10 in Conjurations
  7459 | D:7      | Reached skill level 10 in Hexes
  7459 | D:7      | Reached skill level 10 in Summonings
  7459 | D:7      | Reached skill level 10 in Necromancy
  7459 | D:7      | Reached skill level 10 in Translocations
  7459 | D:7      | Reached skill level 10 in Fire Magic
  7459 | D:7      | Reached skill level 10 in Ice Magic
  7459 | D:7      | Reached skill level 10 in Air Magic
  7459 | D:7      | Reached skill level 10 in Earth Magic
  7459 | D:7      | Reached skill level 10 in Alchemy
  7747 | D:7      | Noticed a hornet
  7753 | D:7      | Killed a hornet
  7754 | D:7      | Reached XP level 10. HP: 44/60 MP: 0/0
  7836 | D:7      | Reached * piety under the Shining One
  8073 | D:7      | Found a runed translucent door.
  8074 | D:7      | Noticed Crazy Yiuf
  8107 | D:7      | Killed Crazy Yiuf
  8182 | D:7      | Bought the ring of Yrer {Fly Int+3} for 431 gold pieces
  8241 | D:8      | Noticed Maurice
  8253 | D:8      | Killed Maurice
  8254 | D:8      | Noticed Joseph
  8433 | D:8      | Killed Joseph
  9214 | D:9      | Noticed a two-headed ogre
  9222 | D:9      | Killed a two-headed ogre
  9413 | D:9      | Noticed a two-headed ogre
  9719 | D:9      | Reached XP level 11. HP: 22/65 MP: 0/0
  9719 | D:9      | Learned a level 4 spell: Cause Fear
 10422 | D:9      | Killed a two-headed ogre
 10588 | D:10     | Entered Level 10 of the Dungeon
 10755 | D:10     | Found a flagged portal.
 10874 | Bailey   | Entered a bailey
 10877 | Bailey   | Reached ** piety under the Shining One
 11622 | Bailey   | Noticed an orc knight
 11628 | Bailey   | The Shining One protects you from harm!
 11629 | Bailey   | Slain by an orc knight

Illustrated notes

Levels and vault maps discovered:
D:1:      eino_arrival_cavern_a, layout_basic,
          chequers_ecumenical_altar_simple_redux
D:2:      layout_basic
D:3:      layout_rooms, marbit_many_paths, jmf_multi_god_temple2
D:4:      layout_basic, mainiacjoe_overflow_swirl,
          minmay_temple_entry_statues_fountains, ebering_dispersal_statue_hall
D:5:      layout_rooms, uniq_grinder, uniq_ijyb
D:6:      minmay_inner_zag, layout_gridville, serial_shops, shop,
          ebering_ghost_sewer_d
D:7:      layout_basic, mainiacjoe_overflow_boulevard,
          nicolae_overflow_macrodata_refinement, corner_web_ring,
          minmay_shop_grid_forest, nicolae_specific_store, supply_closet_lemuel,
          minmay_misc_feat_iff, uniq_crazy_yiuf_cottage
D:8:      layout_loops_ring, minmay_unpleasant_kobolds, uniq_maurice,
          uniq_joseph
D:9:      layout_roguey, minmay_gold_behind_fungi
D:10:     layout_long_grid, nicolae_gozag_cash_rules_everything_around_me,
          minmay_lair_entry_grove, enter_bailey_5, uniq_harold
Temple:   grunt_temple_mini_profane
Bailey:   bailey_polearm_2, bailey

Skill      XL: |  1  2  3  4  5  6  7  8  9 10 11 |
---------------+----------------------------------+-----
Spellcasting   | 4 5 6 8 10 12 14 | 14.0
Conjurations   | 4 5 6 8 10 12 14 | 14.0
Hexes          | 4 5 6 8 10 12 14 | 14.0
Summonings     | 4 5 6 8 10 12 14 | 14.0
Necromancy     | 4 5 6 8 10 12 14 | 14.0
Translocations | 4 5 6 8 10 12 14 | 14.0
Fire Magic     | 4 5 6 8 10 12 14 | 14.0
Ice Magic      | 4 5 6 8 10 12 14 | 14.0
Air Magic      | 4 5 6 8 10 12 14 | 14.0
Earth Magic    | 4 5 6 8 10 12 14 | 14.0
Alchemy        | 4 5 6 8 10 12 14 | 14.0
Evocations     | 2 |  2.0
Dodging        | |  2.1
Stealth        | |  1.5

Action                     |  1- 3 |  4- 6 |  7- 9 | 10-12 || total
---------------------------+-------+-------+-------+-------++-------
  Melee: Unarmed           |     4 |    13 |       |       ||    17
         Hand axe          |       |     2 |     3 |       ||     5
         Dagger            |       |       |    13 |    19 ||    32
   Cast: Foxfire           |    55 |   102 |   169 |    41 ||   367
         Sting             |       |     2 |     3 |     5 ||    10
         Scorch            |       |     3 |    38 |    76 ||   117
         Sigil of Binding  |       |       |     2 |     1 ||     3
         Tukima's Dance    |       |       |     5 |     6 ||    11
         Flame Wave        |       |       |     2 |    18 ||    20
    Use: Scroll            |       |       |    11 |     8 ||    19
   Stab: Sleeping          |       |       |     1 |       ||     1
 Armour: Robe              |     2 |    27 |    34 |       ||    63
         Ring mail         |       |       |    29 |   126 ||   155
  Dodge: Dodged            |     5 |    36 |    60 |    91 ||   192
  Block: Other             |       |       |     5 |    51 ||    56
         Reflection        |       |       |       |    15 ||    15
